 Dungeon Crawl Stone Soup version 0.26.0-10-g1f06aea511 (webtiles) character file.

Game seed: 9485935151997843099

184 Frank the Skirmisher (level 5, -5/37 HPs)
             Began as an Octopode Fighter on Jan 18, 2021.
             Slain by an ogre
             ... wielding a cursed -3 giant club
              (14 damage)
             ... on level 4 of the Dungeon.
             The game lasted 00:03:24 (3333 turns).

Frank the Skirmisher (Octopode Fighter)             Turns: 3333, Time: 00:03:25

Health: -5/37      AC:  1    Str: 15    XL:     5   Next: 64%
Magic:  5/5        EV: 12    Int: 10    God:
Gold:   113        SH:  9    Dex: 13    Spells: 4/4 levels left

rFire    . . .     SeeInvis .   a - +1 flail
rCold    . . .     Faith    .   b - +0 kite shield
rNeg     . . .     Spirit   .   (helmet restricted)
rPois    .         Reflect  .   (no amulet)
rElec    .         Harm     .   d - ring of willpower
rCorr    .         Rampage  .   (no ring)
Will     +....                  (no ring)
Stlth    ++........             (no ring)
HPRegen  0.12/turn              (no ring)
MPRegen  0.09/turn              (no ring)
                                (no ring)
                                (no ring)

@: very slightly contaminated, invisible
A: almost no armour, stealthy swim, amphibious, 8 rings, constrict 8, camouflage
1, gelatinous body 1
a: no special abilities


You were on level 4 of the Dungeon.
You visited 1 branch of the dungeon, and saw 4 of its levels.

You collected 113 gold pieces.

Inventory:

Hand Weapons
 a - a +1 flail (weapon)
Armour
 b - a +0 kite shield (worn)
Jewellery
 d - a ring of willpower (left tentacle)
Scrolls
 g - 4 scrolls of remove curse
 h - 2 scrolls of teleportation
Potions
 c - 2 potions of might
 f - a potion of heal wounds
 j - a potion of attraction
 k - 3 potions of curing {unknown}
 l - a potion of ambrosia {unknown}
 m - a potion of degeneration {unknown}


   Skills:
 * Level 4.2 Fighting
 + Level 3.8 Maces & Flails
 + Level 3.5 Dodging
 + Level 3.6 Shields


You had 4 spell levels left.
You didn't know any spells.
Your spell library was empty.

Dungeon Overview and Level Annotations

Branches:
Dungeon (4/15)
 Temple: D:4-7

Altars:
Kikubaaqudgha


Innate Abilities, Weirdness & Mutations

You cannot wear most types of armour.
You are very stealthy in the water. (Stealth+)
You are amphibious.
You can wear up to eight rings at the same time.
You can use your tentacles to constrict eight enemies at once.
Your skin changes colour to match your surroundings (Stealth+).
Your rubbery body absorbs attacks. (AC +1, EV +1)


Message History

You are too injured to fight recklessly!
You are too injured to fight recklessly!
You are too injured to fight recklessly!
You are too injured to fight recklessly!
You are too injured to fight recklessly!
You fade into invisibility!
You are very lightly contaminated with residual magic.
You hit the ogre.
The ogre is moderately wounded.
The ogre barely misses you.
You hit the ogre.
The ogre is heavily wounded.
The ogre barely misses you.
You hit the ogre.
The ogre is heavily wounded.
The ogre closely misses you.
You barely miss the ogre.
The ogre is heavily wounded.
The ogre hits you with a cursed -3 giant club!
You die...

#.... #### #######
###..... ...# .......
?...#.###.#.# ......
........... ....#
#..#.###.# ....#
#####..#.#!#.# ....#
#......#.###.#..# ....#
#.........@OS...#
#######....†.#.###.#..#
.†....................
##.........B....#####[#
##.#########.#### ..
##.#########.# .
...........#.#
##.#######.#.# #.# #.#


You could see an ogre, an adder and a giant cockroach (wandering).

Vanquished Creatures
  A worker ant (D:4)
  A gnoll (D:1)
  5 adders
  An adder skeleton (D:4)
  5 worms
  2 dart slugs (D:1)
  5 leopard geckos
  An orc (D:3)
  3 ball pythons
  4 giant cockroaches
  4 goblins
  10 hobgoblins
  6 jackals
  4 quokkas
  7 bats
  4 frilled lizards
  9 kobolds
  10 rats
82 creatures vanquished.

Vanquished Creatures (others)
  5 withered plants (D:2)
5 creatures vanquished.

Grand Total: 87 creatures vanquished

Notes
Turn   | Place    | Note
-------+----------+-------------------------------------------
     0 | D:1      | Frank the Octopode Fighter began the quest for the Orb.
     0 | D:1      | Reached XP level 1. HP: 16/16 MP: 1/1
   154 | D:1      | Reached XP level 2. HP: 18/21 MP: 2/2
   620 | D:1      | Reached XP level 3. HP: 26/26 MP: 3/3
  1137 | D:2      | Reached XP level 4. HP: 29/33 MP: 4/4
  1221 | D:2      | Found a faded altar of an unknown god.
  1531 | D:2      | Found an ancient bone altar of Kikubaaqudgha.
  2197 | D:3      | Reached skill level 4 in Fighting
  2356 | D:3      | Reached XP level 5. HP: 37/37 MP: 5/5
  3325 | D:4      | Noticed an ogre
  3333 | D:4      | Slain by an ogre

Illustrated notes

Levels and vault maps discovered:
D:1:      minmay_arrival_widening_spiral_wide, layout_basic,
          chequers_serial_rivers_micro_c, grunt_decor_junction, moated_statue
D:2:      layout_loops_ring, kiku_gazebo_garden_becter,
          chequers_ecumenical_altar_simple_redux
D:3:      layout_loops_corners, bh_walls_and_bars
D:4:      layout_basic, nicolae_overflow_hidden_temple, palyth_stone_intersect,
          minmay_surrounded, uniq_robin, uniq_blork_the_orc,
          uniq_crazy_yiuf_cottage

Skill      XL: |  1  2  3  4 |
---------------+-------------+-----
Maces & Flails | 3 |  3.8
Fighting       | 4 |  4.2
Dodging        | |  3.5
Shields        | |  3.6

Action                   |  1- 3 |  4- 6 || total
-------------------------+-------+-------++-------
Melee: Flail             |    51 |   105 ||   156
       Constrict         |    13 |    26 ||    39
       Tentacles         |     5 |    22 ||    27
  Use: Scroll            |     4 |     7 ||    11
       Potion            |       |     1 ||     1
 Stab: Sleeping          |     5 |     8 ||    13
Armor: Skin              |     3 |     8 ||    11
Dodge: Dodged            |    26 |    59 ||    85
Block: Kite shield       |    14 |    40 ||    54
